 Dungeon Crawl Stone Soup version 0.28.0-53-g5a82cb258f (webtiles) character file.

Game seed: 17371073133283010915

100 valliere the Chiller (level 4, -2/21 HPs)
             Began as a Vine Stalker Ice Elementalist on May 28, 2022.
             Slain by a gnoll
             ... wielding a +0 halberd
              (10 damage)
             ... on level 3 of the Dungeon.
             The game lasted 00:07:35 (2351 turns).

valliere the Chiller (VSIE)                         Turns: 2351, Time: 00:07:35

Health: -2/21      AC:  2    Str: 11    XL:     4   Next: 73%
Magic:  0/8        EV: 12    Int: 17    God:
Gold:   40         SH:  0    Dex: 14    Spells: 4/8 levels left

rFire   . . .      SeeInvis .   m - staff of cold
rCold   + . .      Faith    .   (no shield)
rNeg    . . .      Spirit   +   a - +0 robe
rPois   .          Reflect  .   (no helmet)
rElec   .          Harm     .   (no cloak)
rCorr   .          Rampage  .   (no gloves)
Will    .....                   (no boots)
Stlth   ++........              (no amulet)
HPRegen 0.87/turn               (no ring)
MPRegen 0.11/turn               (no ring)

@: no status effects
A: fangs 2, regeneration 1, magic shield, antimagic bite, no potion heal 2
a: no special abilities


You were on level 3 of the Dungeon.
You visited 1 branch of the dungeon, and saw 3 of its levels.

You collected 40 gold pieces.

Inventory:

Hand Weapons
 g - a +0 dagger
Armour
 a - a +0 robe (worn)
Magical Staves
 m - a staff of cold (weapon)
Scrolls
 b - 3 scrolls of identify {unknown}
 c - 2 scrolls of amnesia {unknown}
 d - a scroll of enchant armour {unknown}
 e - a scroll of teleportation {unknown}
 f - 3 scrolls of blinking {unknown}
 i - 2 scrolls of immolation {unknown}
 j - a scroll of magic mapping {unknown}
 k - a scroll of brand weapon {unknown}
 n - a scroll of noise {unknown}
 o - a scroll of fog {unknown}
Potions
 h - 2 potions of heal wounds {unknown}
 l - 2 potions of might {unknown}


   Skills:
 + Level 2.3 Dodging
 + Level 3.6 Stealth
 + Level 2.6 Spellcasting
 * Level 4.9 Ice Magic


You had 4 spell levels left.
You knew the following spells:

 Your Spells              Type           Power      Damage    Failure   Level
a - Freeze                Ice            100%       1d11      2%          1
b - Ozocubu's Armour      Ice            28%        N/A       7%          3

Your spell library contained the following spells:

 Spells                   Type           Power      Damage    Failure   Level
 Frozen Ramparts          Ice            56%        1d7       7%          3
 Hailstorm                Conj/Ice       15%        3d5       54%         4


Dungeon Overview and Level Annotations

Branches:
Dungeon (3/15)

Altars:

Shops:
D:2 *


Innate Abilities, Weirdness & Mutations

You have extremely sharp teeth.
Your natural rate of healing is unusually fast.
When hurt, damage is shared between your health and your magic reserves.
Your bite disrupts and absorbs the magic of your enemies.
Potions cannot restore your health.


Message History

You feel a surge of power!
You freeze the bat!
You kill the bat!
The gnoll shouts!
You hear a shout!
A gnoll comes into view. It is wielding a +0 flail.
A gnoll comes into view. It is wielding a +0 halberd.
The gnoll closely misses you. The gnoll barely misses you.
Things that are here:
a +0 club; a +0 robe; 10 gold pieces You feel a surge of power!
You freeze the gnoll!
The gnoll is heavily wounded.
The gnoll barely misses you.
You feel a surge of power!
You freeze the gnoll!
You kill the gnoll!
A bat comes into view.
The bat moves out of view.
You feel a surge of power!
You freeze the gnoll.
The gnoll is lightly wounded.
The gnoll hits you with a +0 whip. The gnoll barely misses you.
You are too depleted to draw on your mana recklessly!
You are too depleted to draw on your mana recklessly!
You hit the gnoll.
The gnoll is heavily wounded.
The gnoll hits you with a +0 whip. The gnoll misses you.
The gnoll barely misses you.
You feel a surge of power!
You freeze the gnoll.
The gnoll is heavily wounded.
The gnoll closely misses you. The gnoll hits you with a +0 whip!
You are too injured to fight recklessly!
A gnoll comes into view. It is wielding a +0 flail.
You hit the gnoll.
The gnoll is severely wounded.
The gnoll hits you with a +0 whip.
You feel a surge of power!
You freeze the gnoll!
You kill the gnoll!
The gnoll hits you from afar with a +0 halberd!
You are too injured to fight recklessly!
You are too injured to fight recklessly!
The gnoll hits you with a +0 halberd!
You die...

#.>..# #.####†gb......
#....######.## ####......
#..........bg#### ......
#.....####......###......
#......########..........
#....#...#### ###g...###
#....###....## #.##.....
###########..####g## ####
##......#...@g..#
##........######..#
#..........# ...#
#..........# ##..#
#..........# ....
#..........# ##..
#.........)# ##
##........## ..
##.........### ..


You could see 2 gnolls.

Vanquished Creatures
  A gnoll shaman (D:3)
  2 gnolls (D:3)
  An adder (D:3)
  A worm (D:2)
  A dart slug (D:1)
  2 endoplasms (D:1)
  2 giant cockroaches
  9 goblins
  3 hobgoblins
  5 jackals
  A kobold (D:2)
  3 ball pythons
  3 bats (D:3)
  2 frilled lizards (D:1)
36 creatures vanquished.

Notes
Turn   | Place    | Note
-------+----------+-------------------------------------------
     0 | D:1      | valliere the Vine Stalker Ice Elementalist began the quest
                  | for the Orb.
     0 | D:1      | Reached XP level 1. HP: 9/9 MP: 4/4
   262 | D:1      | Reached XP level 2. HP: 13/13 MP: 4/6
  1169 | D:2      | Reached XP level 3. HP: 11/16 MP: 2/7
  1265 | D:2      | Learned a level 3 spell: Ozocubu's Armour
  1328 | D:2      | Found Tuskeun's Assorted Antiques.
  2324 | D:3      | Gained mutation: Your natural rate of healing is unusually
                  | fast. [Vine Stalker growth]
  2324 | D:3      | Reached XP level 4. HP: 20/21 MP: 5/8
  2351 | D:3      | Slain by a gnoll

Illustrated notes

Levels and vault maps discovered:
D:1:      dpeg_arrival_oval, layout_basic, kennysheep_another_room
D:2:      layout_basic, serial_shops, shop
D:3:      layout_rooms, minmay_goblin_outpost

Skill      XL: |  1  2  3 |
---------------+----------+-----
Stealth        | 3 |  3.6
Dodging        | 2 |  2.3
Spellcasting   | |  2.6
Ice Magic      | |  4.9

Action                   |  1- 3 |  4- 6 || total
-------------------------+-------+-------++-------
Melee: Unarmed           |     7 |       ||     7
       Bite              |     7 |       ||     7
       Dagger            |    18 |       ||    18
       Punch             |     1 |       ||     1
       Staff             |       |     2 ||     2
 Cast: Freeze            |    39 |     7 ||    46
 Stab: Sleeping          |     3 |       ||     3
Armor: Robe              |     6 |     1 ||     7
Dodge: Dodged            |    21 |     7 ||    28
